 Dungeon Crawl Stone Soup version 0.16-a0-3086-ga63ba9b (webtiles) character file.

2097 stonewall the Fighter (level 9, -9/74 HPs)
             Began as a Mummy Arcane Marksman on Dec 11, 2014.
             Was a Priest of Trog.
             Mangled by braks' ghost (12 damage)
             ... on level 6 of the Dungeon.
             The game lasted 00:15:15 (7877 turns).

stonewall the Fighter (Mummy Arcane Marksman)       Turns: 7877, Time: 00:15:16

Health: -9/74      AC: 12    Str: 16    XL:     9   Next: 7%
Magic:  11/11      EV:  7    Int: 12    God:    Trog [***...]
Gold:   289        SH:  0    Dex: 12    Spells: 1 memorised, 9 levels left

rFire  . . .     SeeInvis .     c - +2 dagger (elec)
rCold  + . .     Clarity  .     A - +0 chain mail (curse)
rNeg   + + +     SustAb   .     (no shield)
rPois  ∞         Gourm    .     n - +2 helmet
rElec  .         Spirit   .     m - +0 cloak
rCorr  .         Warding  .     (no gloves)
rMut   .         Stasis   .     (no boots)
MR     +....                    v - amulet of regeneration
Stlth  ..........               D - ring of stealth
                                j - ring of protection from fire

@: somewhat resistant to hostile enchantments, extremely unstealthy
A: no food or potions, fire vulnerability, restore body, cold resistance 1,
negative energy resistance 3, poison resistance, torment resistance, unbreathing
a: Burn Spellbooks, Trog's Hand, Renounce Religion


You were on level 6 of the Dungeon.
You worshipped Trog.
Trog was most pleased with you.
You were not hungry.

You visited 1 branch of the dungeon, and saw 8 of its levels.
You also visited: Bailey.

You collected 289 gold pieces.

Inventory:

Hand weapons
 b - a +0 hunting sling
 c - a +2 dagger of electrocution (weapon)
 k - a -1 dagger
 l - a +2 dagger of freezing
 u - a +0 vampiric dagger
 y - a -2 hand axe
 B - a +0 blowgun
Missiles
 e - 199 stones (quivered)
 C - 3 curare-tipped needles
 E - 15 poisoned needles
 H - 30 sling bullets
Armour
 a - a +0 robe
 g - a +1 leather armour
 m - a +0 cloak (worn)
 n - a +2 helmet (worn)
 A - a cursed +0 chain mail (worn)
Jewellery
 j - a ring of protection from fire (left hand)
 o - an uncursed ring of wizardry
 q - an uncursed ring of poison resistance
 v - an amulet of regeneration (around neck)
 w - an uncursed ring of magical power {unknown}
 D - a ring of stealth (right hand)
Magical devices
 i - a wand of polymorph (14)
 t - a wand of confusion (0)
 x - a wand of lightning (8)
Scrolls
 f - a scroll of remove curse
 h - a scroll of fog
 p - 2 scrolls of enchant armour
 r - 2 scrolls of identify
 z - 4 scrolls of recharging
 I - a scroll of immolation {unknown}
 J - 3 scrolls of teleportation {unknown}
 K - a scroll of fear {unknown}
Books
 d - a book of Debilitation

   Spells                             Type                      Level
   a - Corona                         Hexes                        1
   b - Slow                           Hexes                        2
   c - Inner Flame                    Hexes/Fire                   3
   d - Enslavement                    Hexes                        4
   e - Cause Fear                     Hexes                        4
   f - Leda's Liquefaction            Hexes/Earth                  4
   Trog disapproves of the use of such an item.
 s - a book of Alchemy

   Spells                             Type                      Level
   a - Sublimation of Blood           Necromancy                   2
   b - Alistair's Intoxication        Transmutation/Poison         4
   c - Condensation Shield            Ice                          4
   d - Petrify                        Transmutation/Earth          4
   e - Ignite Poison                  Fire/Transmutation           5
   f - Irradiate                      Conjuration/Transmutation    5
   Trog disapproves of the use of such an item.
 G - a book of the Earth

   Spells                             Type                      Level
   a - Leda's Liquefaction            Hexes/Earth                  4
   b - Bolt of Magma                  Conjuration/Fire/Earth       5
   c - Statue Form                    Transmutation/Earth          6
   d - Iron Shot                      Conjuration/Earth            6
   e - Shatter                        Earth                        9
   Trog disapproves of the use of such an item.


   Skills:
 - Level 8.2 Fighting
 + Level 7.2 Short Blades
 - Level 1.5 Slings
 - Level 1.5 Dodging
 - Level 1.0 Spellcasting
 - Level 2.6 Hexes


You had 9 spell levels left.
You knew the following spells:

 Your Spells              Type           Power        Failure   Level  Hunger
a - Corona                Hex            #......      100%        1    N/A

Dungeon Overview and Level Annotations

Branches:
Dungeon (8/15)             Temple (0/1) D:5
   Lair: D:8-11

Altars:
Ashenzari
Cheibriados
Elyvilon
Fedhas
Gozag
Kikubaaqudgha
Okawaru
Ru
Sif Muna
Trog
Vehumet

Annotations:
D:6 braks' ghost, experienced OgWr
D:7 exclusion: downstairs


Innate Abilities, Weirdness & Mutations

You do not eat or drink.
Your flesh is vulnerable to fire.
Your flesh is cold resistant.
You are immune to negative energy.
Your system is resistant to poisons.
You are immune to unholy pain and torment.
You can survive without breathing.


Message History

Braks' ghost is moderately damaged.
Braks' ghost hits you!
The goliath beetle twitches its antennae in your direction.
Read which item? (? for menu, Esc to quit)
Read which item? (? for menu, Esc to quit)
Okay, then.
The goliath beetle bites you.
Found 8 gold pieces.
Braks' ghost whispers, "The ORB doesn't exist."
Found a stone staircase leading up.
You see here a large iron ring.
w - a large iron ring Braks' ghost hits you!!
Braks' ghost crushes a nearby insect and laughs.
Braks' ghost hits you!!
* * * LOW HITPOINT WARNING * * *
Read which item? (? for menu, Esc to quit)
Okay, then.
Braks' ghost hits you!
You die...

###'###.......+........#,*
#.....#.......######.#.#,*
#.....#.......# #.#<#,*
#.....#.......# ###'#.#,*
#.....#.......# #.....#,*
#.....##'####### #.)...#,*
#.....##.....<.# #...).#,*
#.....##.......# ###'#.#,*
######.....##...@...#
#.#.#,*
........##.##...$W..#
#.#)#,*
........##..#.......#
#.#.#,*
........###.#.......#
#.#.#,*
........###.........#
#.#..,*
.........###..####'##
#.####### .........#...>.#
#.# #........
.........#.....#
#.##############
.........#.....#
#.#.............


You could see braks' ghost.

Vanquished Creatures
  A water moccasin (D:6)
  2 ogres (D:7)
  3 centaurs
  A crocodile (D:4)
  4 giant frogs
  A scorpion (D:7)
  A centaur zombie (D:6)
  2 gnoll shamans
  A jelly (D:5)
  4 orc priests
  A crimson imp (D:5)
  2 giant frog skeletons
  4 hounds
  6 orc wizards
  5 worker ants
  Ijyb (D:2)
  A worker ant zombie (D:5)
  12 gnolls
  10 adders
  A shadow imp (D:8)
  A giant mite (D:4)
  4 worms
  An adder zombie (D:5)
  4 giant geckos
  3 oozes
  27 orcs
  A bat skeleton (D:4)
  5 giant cockroaches
  15 goblins
  12 hobgoblins
  3 jackals (D:4)
  15 kobolds
  5 ball pythons
  20 bats
  3 giant gecko skeletons
  A giant gecko zombie (D:7)
  6 giant newts
  8 quokkas
  18 rats
  A ballistomycete (D:7)
216 creatures vanquished.

Vanquished Creatures (others)
  A giant spore (D:7)
1 creature vanquished.

Grand Total: 217 creatures vanquished

Notes
Turn   | Place    | Note
--------------------------------------------------------------
     0 | D:1      | stonewall, the Mummy Arcane Marksman, began the quest for the Orb.
     0 | D:1      | Reached XP level 1. HP: 15/15 MP: 2/2
   261 | D:1      | Reached XP level 2. HP: 22/22 MP: 3/3
   933 | D:1      | Reached skill level 3 in Fighting
   933 | D:1      | Reached XP level 3. HP: 27/29 MP: 4/4
  1297 | D:2      | Reached XP level 4. HP: 37/37 MP: 5/5
  1346 | D:2      | Reached skill level 4 in Fighting
  1784 | D:2      | Found a deep blue altar of Sif Muna.
  1974 | D:2      | Noticed Ijyb
  2110 | D:2      | Killed Ijyb
  2543 | D:3      | Noticed a giant frog
  2562 | D:3      | Killed a giant frog
  2562 | D:3      | Reached skill level 5 in Fighting
  2562 | D:3      | Reached XP level 5. HP: 11/44 MP: 7/7
  3167 | D:3      | Noticed a phantom
  3204 | D:3      | Noticed a centaur
  3358 | D:3      | Killed a centaur
  3358 | D:3      | Reached skill level 6 in Fighting
  3358 | D:3      | Reached XP level 6. HP: 44/52 MP: 8/8
  3888 | D:3      | Found a snail-covered altar of Cheibriados.
  3907 | D:3      | Found a bloodstained altar of Trog.
  3911 | D:3      | Found a shattered altar of Ashenzari.
  3922 | D:3      | Found a sacrificial altar of Ru.
  3927 | D:3      | Found an opulent altar of Gozag.
  4165 | D:4      | Reached skill level 7 in Fighting
  4509 | D:4      | Reached XP level 7. HP: 30/60 MP: 9/9
  4753 | D:4      | Reached skill level 8 in Fighting
  4897 | D:4      | Reached skill level 1 in Short Blades
  4993 | D:4      | Found an ancient bone altar of Kikubaaqudgha.
  5141 | D:3      | Became a worshipper of Trog the Wrathful
  6014 | D:4      | Upgraded the game from 0.16-a0-3062-g2c62648 to 0.16-a0-3086-ga63ba9b
  6016 | D:5      | Entered Level 5 of the Dungeon
  6078 | D:5      | Found an iron altar of Okawaru.
  6093 | D:5      | Acquired Trog's first power
  6171 | D:5      | Found a blossoming altar of Fedhas.
  6184 | D:5      | Reached XP level 8. HP: 68/68 MP: 10/10
  6364 | D:5      | Found a staircase to the Ecumenical Temple.
  6650 | D:6      | Acquired Trog's second power
  6743 | D:6      | Noticed braks' ghost (experienced OgWr)
  6757 | D:7      | Reached skill level 5 in Short Blades
  7001 | D:7      | Found a white marble altar of Elyvilon.
  7226 | D:7      | Found a radiant altar of Vehumet.
  7338 | D:7      | Found a flagged portal.
  7362 | Bailey   | Entered a bailey
  7553 | D:8      | Noticed an iron golem
  7553 | D:8      | Noticed an iron golem
  7553 | D:8      | Noticed an iron golem
  7553 | D:8      | Noticed an iron golem
  7655 | D:6      | Reached XP level 9. HP: 72/74 MP: 11/11
  7874 | D:6      | HP: 1/74 [braks' ghost (22)]
  7877 | D:6      | Mangled by braks' ghost

Action                   |  1- 3 |  4- 6 |  7- 9 || total
-------------------------+-------+-------+-------++-------
Melee: Dagger            |       |       |   403 ||   403
 Fire: Hunting sling     |   116 |   369 |    64 ||   549
       Blowgun           |       |     4 |     4 ||     8
  Use: Scroll            |     1 |     2 |     7 ||    10
